 Dungeon Crawl Stone Soup version 0.21.0-25-ge575cb9 (webtiles) character file.

9669 Izobar the Cleaver (level 11, -6/99 HPs)
             Began as a Minotaur Berserker on Jan 18, 2018.
             Was the Champion of Trog.
             Mangled by a ten-headed hydra (8 damage)
             ... on level 11 of the Dungeon on Jan 26, 2018.
             The game lasted 01:43:19 (6793 turns).

Izobar the Cleaver (Minotaur Berserker)             Turns: 6793, Time: 01:43:20

Health: -6/99      AC: 16    Str: 26    XL:     11   Next: 26%
Magic:  3/3        EV:  9    Int:  4    God:    Trog [******]
Gold:   402        SH:  0    Dex:  9    Spells: 10/10 levels left

rFire    + . .     SeeInvis .   n - +2 battleaxe (antimagic)
rCold    x . .     Gourm    .   (shield currently unavailable)
rNeg     . . .     Faith    +   J - +0 plate armour
rPois    +         Spirit   .   (helmet restricted)
rElec    .         Reflect  .   (no cloak)
rCorr    .         Harm     .   (no gloves)
MR       .....                  f - +0 pair of boots
Stlth    ..........             w - amulet of faith
HPRegen  0.26/turn              h - ring of fire
MPRegen  0.08/turn              i - ring of poison resistance

@: drained
A: retaliatory headbutt, horns 2
a: Berserk, Trog's Hand, Brothers in Arms, Burn Spellbooks, Renounce Religion


You were on level 11 of the Dungeon.
You worshipped Trog.
Trog was exalted by your worship.
You were not hungry.

You visited 2 branches of the dungeon, and saw 12 of its levels.
You also visited: Sewer.

You collected 591 gold pieces.
You spent 189 gold pieces at shops.

Inventory:

Hand Weapons
 n - a +2 antimagic battleaxe (weapon)
 q - a +0 arbalest
 t - a +0 hand axe of chopping
 v - a +3 broad axe of electrocution
 A - the +8 spear "Uwneoluc" {flame, rC++, unknown}
   (You took it off an orc on level 8 of the Dungeon)

   It has been specially enchanted to burn those struck by it, causing extra
   injury to most foes and up to half again as much damage against particularly
   susceptible opponents.
   It greatly protects you from cold.
Missiles
 g - 109 stones
 l - 68 bolts
 m - 69 poisoned needles
 r - 9 tomahawks (quivered)
 x - 2 large rocks
 I - 26 sling bullets
Armour
 f - a +0 pair of boots (worn)
 s - a +0 scale mail of poison resistance
 J - a +0 plate armour (worn)
Jewellery
 h - a ring of fire (left hand)
 i - a ring of poison resistance (right hand)
 u - an uncursed ring of positive energy {unknown}
 w - an amulet of faith (around neck)
 C - an uncursed ring of protection from fire {unknown}
 G - a +2 ring of strength {unknown}
 N - an uncursed ring of magical power {unknown}
Wands
 k - a wand of disintegration (20)
 y - a wand of enslavement (14)
Scrolls
 D - 8 scrolls of teleportation
Potions
 a - a potion of mutation {unknown}
 d - 2 potions of brilliance {unknown}
 e - 5 potions of curing {unknown}
 o - a potion of haste {unknown}
 p - a potion of agility {unknown}
 z - a potion of berserk rage {unknown}
 F - 5 potions of flight
 H - a potion of resistance {unknown}
 O - a potion of might {unknown}
 P - a potion of degeneration {unknown}
Comestibles
 c - 15 rations


   Skills:
 + Level 10.1(9.9) Fighting
 + Level 14.3(14.0) Axes
 + Level 2.6(2.4) Throwing
 + Level 10.4(10.2) Armour
 + Level 5.1(4.9) Dodging
 + Level 1.2(1.0) Stealth


You had 10 spell levels left.
You didn't know any spells.

Dungeon Overview and Level Annotations

Branches:
Dungeon (11/15)            Temple (1/1) D:5             Orc (0/2) D:11
   Lair: D:8-11

Altars:
Ashenzari
Cheibriados
Dithmenos
Elyvilon
Fedhas
Gozag
Hepliaklqana
Kikubaaqudgha
Makhleb
Nemelex Xobeh
Okawaru
Qazlal
Ru
Sif Muna
Trog
Uskayaw
Vehumet
Wu Jian
Xom
Yredelemnul
Zin
The Shining One

Shops:
D:5 [   D:7 ((:}:


Innate Abilities, Weirdness & Mutations

You reflexively headbutt those who attack you in melee.
You have a pair of horns on your head.


Message History

* * * LOW HITPOINT WARNING * * *
The ten-headed hydra bites you but does no damage.
The ten-headed hydra bites you.
* * * LOW HITPOINT WARNING * * *
The ten-headed hydra bites you but does no damage.
The ten-headed hydra barely misses you.
The ten-headed hydra closely misses you. x2
The ten-headed hydra bites you but does no damage. x2
The ten-headed hydra barely misses you.
Your plate armour prevents you from hitting the ten-headed hydra.
The ten-headed hydra is almost dead.
The ten-headed hydra bites you but does no damage.
The ten-headed hydra barely misses you. The ten-headed hydra bites you.
* * * LOW HITPOINT WARNING * * *
The ten-headed hydra bites you.
* * * LOW HITPOINT WARNING * * *
The ten-headed hydra bites you but does no damage.
The ten-headed hydra closely misses you.
The ten-headed hydra barely misses you. The ten-headed hydra bites you!
You die...

###.##..#.#.##... ###..)).#
#..#.#.#...##.... #.....#
#.##.....#..#..#.## #.....#
#.########.###.##.# #.....# #.#
########.###.##### ##.#
#.#...........## #..#
#..............# ####.##
#)...............# ...[[# #####
#<@.........#...... ##.###
##...#.#.D.......#.#......
#.#####....#.#.######.##.##.###.
#.............(. #....# .#
#.#.###....#.... ####.#
#.....†.......(. ..
####.#...†...(.. # #............
#.#.#..!(..#.


You could see a ten-headed hydra.

Vanquished Creatures
  2 two-headed ogres
  Sonja (D:11)
  Pikel (D:5)
  Joseph (D:7)
  Prince Ribbit (D:7)
  A hornet (D:10)
  A hippogriff (D:10)
  A wyvern (D:11)
  A human (D:7)
  4 hogs (D:7)
  A soldier ant (D:11)
  A water moccasin (D:8)
  4 black bears
  4 orc warriors
  2 ice beasts
  5 phantoms
  A necrophage (D:6)
  3 eyes of draining
  4 ogres
  4 centaurs
  7 bullfrogs
  A wyvern zombie (D:8)
  5 scorpions
  10 killer bees
  A troll zombie (D:11)
  5 howler monkeys
  2 bullfrog zombies
  4 crimson imps
  5 hounds
  8 orc priests
  A centaur skeleton (D:8)
  3 jellies
  6 orc wizards
  4 bullfrog skeletons
  3 iguanas
  9 worker ants
  A merfolk avatar (Sewer)
  A merfolk siren (Sewer)
  5 ogre zombies (D:11)
  3 worker ant zombies
  3 gnolls (D:8)
  10 adders
  4 river rats
  2 oozes
  An adder zombie (D:8)
  An adder skeleton (D:5)
  3 worms (D:6)
  A dart slug (D:2)
  8 leopard geckos
  39 orcs
  6 ball pythons (Sewer)
  4 giant cockroaches
  3 hobgoblins
  A jackal (D:5)
  3 quokkas
  A bat (D:1)
  7 frilled lizards
  A giant cockroach zombie (D:6)
  4 goblins
  3 goblin zombies (D:11)
  A hobgoblin zombie (D:11)
  6 kobolds
  A leopard gecko zombie (D:5)
  An orc skeleton (D:11)
  14 orc zombies (D:11)
  26 rats
281 creatures vanquished.

Vanquished Creatures (others)
  A slave (D:5)
  An orc priest (D:5)
  An orc wizard (D:5)
  4 orcs (D:5)
  3 jackals (D:5)
  2 plants (D:5)
12 creatures vanquished.

Grand Total: 293 creatures vanquished

Notes
Turn   | Place    | Note
-------+----------+-------------------------------------------
     0 | D:1      | Izobar the Minotaur Berserker began the quest for the Orb.
     0 | D:1      | Reached XP level 1. HP: 19/19 MP: 0/0
   379 | D:1      | Reached XP level 2. HP: 27/27 MP: 1/1
   519 | D:1      | Reached skill level 4 in Axes
   770 | D:2      | Reached XP level 3. HP: 28/34 MP: 2/2
   995 | D:2      | Reached ** piety under Trog
  1111 | D:4      | Found a glowing silver altar of Zin.
  1112 | D:4      | Noticed an angel
  1128 | D:4      | Reached XP level 4. HP: 41/41 MP: 3/3
  1129 | D:4      | Reached skill level 5 in Fighting
  1291 | D:4      | Reached skill level 5 in Axes
  1291 | D:4      | Reached XP level 5. HP: 44/48 MP: 4/4
  1352 | D:5      | Entered Level 5 of the Dungeon
  1372 | D:5      | Noticed a slave
  1382 | D:5      | Noticed Pikel
  1391 | D:5      | Noticed a slave
  1395 | D:5      | Noticed a slave
  1396 | D:5      | Killed Pikel
  1396 | D:5      | Reached skill level 6 in Axes
  1396 | D:5      | Reached skill level 1 in Throwing
  1396 | D:5      | Reached XP level 6. HP: 57/57 MP: 5/5
  1396 | D:5      | Reached XP level 7. HP: 63/63 MP: 6/6
  1550 | D:5      | Reached skill level 7 in Axes
  1623 | D:5      | Got a jewelled leather armour
  1685 | D:5      | Found Kuhagrat's Armour Emporium.
  1852 | D:5      | Found a staircase to the Ecumenical Temple.
  1873 | Temple   | Entered the Ecumenical Temple
  2092 | D:5      | Found a shattered altar of Ashenzari.
  2096 | D:5      | Saw a vision of the Swamp and the Snake Pit.
  2096 | D:5      | Noticed a black mamba
  2096 | D:5      | Noticed a naga warrior
  2096 | D:5      | Noticed an alligator
  2096 | D:5      | Noticed a naga sharpshooter
  2096 | D:5      | Noticed a guardian serpent
  2096 | D:5      | Noticed a black mamba
  2097 | D:5      | Noticed a black mamba
  2338 | D:6      | Found a hazy altar of Hepliaklqana.
  2389 | D:6      | Reached skill level 5 in Armour
  2413 | D:6      | Reached skill level 8 in Axes
  2413 | D:6      | Reached XP level 8. HP: 71/71 MP: 7/7
  2617 | D:6      | Found a glowing drain.
  2659 | Sewer    | Entered a sewer
  2682 | Sewer    | Reached *** piety under Trog
  3039 | D:6      | Reached skill level 9 in Axes
  3049 | D:6      | Upgraded the game from 0.21.0-22-g11d5b52 to 0.21.0-24-g2553a33
  3122 | D:6      | Found a glowing golden altar of the Shining One.
  3365 | D:7      | Found Gady's Weapon Emporium.
  3381 | D:7      | Reached **** piety under Trog
  3390 | D:7      | Found Textiski's Book Shop.
  3390 | D:7      | Found Zyukhax's Gadget Shop.
  3415 | D:7      | Noticed Prince Ribbit
  3422 | D:7      | Killed Prince Ribbit
  3422 | D:7      | Reached skill level 10 in Axes
  3581 | D:7      | Found an ancient bone altar of Kikubaaqudgha.
  3581 | D:7      | Found an iron altar of Okawaru.
  3703 | D:7      | Found a bloodstained altar of Trog.
  3711 | D:7      | Reached XP level 9. HP: 67/79 MP: 8/8
  4138 | D:7      | Reached skill level 1 in Stealth
  4173 | D:7      | Noticed Joseph
  4195 | D:7      | Killed Joseph
  4195 | D:7      | Reached skill level 11 in Axes
  4453 | D:7      | Found Usir's Antique Weapon Shoppe.
  4460 | D:7      | Bought a runed broad axe for 189 gold pieces
  4543 | D:7      | Found Gijuig's Book Shoppe.
  4783 | D:8      | Reached XP level 10. HP: 88/90 MP: 9/9
  4846 | D:8      | Reached ***** piety under Trog
  4850 | D:8      | Noticed a two-headed ogre
  4856 | D:8      | Killed a two-headed ogre
  4856 | D:8      | Reached skill level 12 in Axes
  4861 | D:8      | Reached skill level 5 in Dodging
  4880 | D:8      | Got a crude spear {flame}
  5376 | D:8      | Found a deep blue altar of Sif Muna.
  6139 | D:10     | Entered Level 10 of the Dungeon
  6194 | D:10     | Reached skill level 13 in Axes
  6258 | D:10     | Reached skill level 10 in Armour
  6396 | D:11     | Noticed Sonja
  6420 | D:11     | Killed Sonja
  6420 | D:11     | Reached XP level 11. HP: 81/99 MP: 1/10
  6533 | D:11     | Found a staircase to the Orcish Mines.
  6540 | D:11     | Received a gift from Trog
  6565 | D:11     | Noticed a two-headed ogre
  6573 | D:11     | Reached ****** piety under Trog
  6573 | D:11     | Killed a two-headed ogre
  6573 | D:11     | Reached skill level 10 in Fighting
  6573 | D:11     | Reached skill level 14 in Axes
  6694 | D:11     | Upgraded the game from 0.21.0-24-g2553a33 to 0.21.0-25-ge575cb9
  6710 | D:11     | Noticed a seven-headed hydra
  6793 | D:11     | HP: 4/99 [ten-headed hydra (3)]
  6793 | D:11     | Mangled by a ten-headed hydra

Skill      XL: |  1  2  3  4  5  6  7  8  9 10 11 |
---------------+----------------------------------+-----
Axes           | 4 5 6 8 10 11 13 14 | 14.3
Fighting       | 4 5 6 7 8 9 10 | 10.1
Armour         | 3 4 5 7 9 10 | 10.4
Dodging        | 3 4 5 |  5.1
Throwing       | 1 2 |  2.6
Stealth        | 1 |  1.2

Action                   |  1- 3 |  4- 6 |  7- 9 | 10-12 || total
-------------------------+-------+-------+-------+-------++-------
Melee: Hand axe          |    59 |    26 |   304 |       ||   389
       Headbutt          |     8 |     4 |    62 |    45 ||   119
       Broad axe         |       |       |    23 |   177 ||   200
       Battleaxe         |       |       |       |    78 ||    78
Throw: Stone             |    10 |       |     3 |    33 ||    46
       Tomahawk          |       |       |       |     3 ||     3
       Javelin           |       |       |       |     2 ||     2
Invok: Berserk           |     1 |     1 |     6 |     4 ||    12
       Burn Spellbooks   |       |       |     2 |       ||     2
       Trog's Hand       |       |       |     1 |     2 ||     3
  Use: Scroll            |       |       |       |     1 ||     1
  Eat: Chunk             |       |     2 |     9 |     7 ||    18
       Ration            |       |       |     3 |     1 ||     4
Armor: Animal skin       |     4 |       |       |       ||     4
       Scale mail        |    19 |     4 |       |       ||    23
       Chain mail        |       |     7 |    94 |       ||   101
       Plate armour      |       |       |    45 |   179 ||   224
Dodge: Dodged            |    30 |     9 |   118 |   123 ||   280
